 Dungeon Crawl Stone Soup version 0.20-a0-256-gabb291d (webtiles) character file.

1725 Lochraine the Shield-Bearer (level 9, -2/58 HPs)
             Began as an Octopode Fighter on Dec 1, 2016.
             Was a Follower of Vehumet.
             Slain by Duvessa
             ... wielding a +3 short sword of speed
              (11 damage)
             ... on level 6 of the Dungeon.
             The game lasted 00:22:51 (6030 turns).

Lochraine the Shield-Bearer (Octopode Fighter)      Turns: 6030, Time: 00:22:51

Health: -2/58      AC:  1    Str: 15    XL:     9   Next: 4%
Magic:  17/17      EV: 14    Int: 13    God:    Vehumet [*.....]
Gold:   298        SH:  0    Dex: 12    Spells: 15/18 levels left

rFire  . . .     SeeInvis .     a - +0 trident
rCold  . . .     Gourm    .     (no shield)
rNeg   . . .     Faith    .     (helmet restricted)
rPois  .         Spirit   .     (no amulet)
rElec  .         Reflect  .     (no ring)
rCorr  .         Harm     .     (no ring)
MR     .....                    (no ring)
Stlth  ++........               (no ring)
                                (no ring)
                                (no ring)
                                (no ring)
                                (no ring)

@: confused, very slightly contaminated, hasted, very quick
A: almost no armour, stealthy swim, amphibious, 8 rings, constrict 8, camouflage
1, gelatinous body 1
a: Renounce Religion


You were on level 6 of the Dungeon.
You worshipped Vehumet.
Vehumet was aware of your devotion.
You were not hungry.

You visited 1 branch of the dungeon, and saw 6 of its levels.

You collected 298 gold pieces.

Inventory:

Hand Weapons
 a - a +0 trident (weapon)
 c - a +1 flail of venom
 m - a +0 halberd
 s - a +1 dagger of venom
 w - a +2 dagger of electrocution
Missiles
 o - 5 javelins (quivered)
Armour
 b - a +0 shield
Scrolls
 e - 2 scrolls of remove curse
 f - a scroll of amnesia
 h - 2 scrolls of teleportation
 j - a scroll of magic mapping {unknown}
 k - a scroll of identify
 l - a scroll of noise
 r - a scroll of immolation
 x - a scroll of blinking
 y - 2 scrolls of enchant weapon {unknown}
 z - a scroll of enchant armour {unknown}
Potions
 g - a potion of degeneration
 n - 4 potions of cure mutation
 u - 2 potions of resistance
Books
 i - a book of Callings

   Spells                             Type                      Level
   a - Summon Small Mammal            Summoning                    1
   b - Call Imp                       Summoning                    2
   c - Call Canine Familiar           Summoning                    3
   d - Summon Guardian Golem          Hexes/Summoning              3
   e - Summon Lightning Spire         Summoning/Air                4
   f - Summon Ice Beast               Ice/Summoning                4
Comestibles
 d - 6 bread rations
 t - 2 beef jerkies
 v - a meat ration
 A - 9 chunks of flesh


   Skills:
 + Level 3.8 Fighting
 - Level 2.5 Polearms
 - Level 3.3 Dodging
 - Level 2.4 Stealth
 - Level 7.2 Shields
 - Level 5.3 Spellcasting
 * Level 4.4 Conjurations
 + Level 2.8 Summonings


You had 15 spell levels left.
You knew the following spells:

 Your Spells              Type           Power        Failure   Level  Hunger
a - Magic Dart            Conj           ##..         3%          1    None
b - Call Imp              Summ           ##......     10%         2    ##.....


Dungeon Overview and Level Annotations

Branches:
Dungeon (6/15)
 Temple: D:4-7

Altars:
Cheibriados
Fedhas
Makhleb
Qazlal
Vehumet
Xom

Shops:
D:6 (

Annotations:
D:4 Natasha
D:6 Dowan, Duvessa


Innate Abilities, Weirdness & Mutations

You cannot wear most types of armour.
You are very stealthy in the water. (Stealth+)
You are amphibious.
You can wear up to eight rings at the same time.
You can use your tentacles to constrict eight enemies at once.
Your skin changes colour to match your surroundings (Stealth+).
Your rubbery body absorbs attacks. (AC +1, EV +1)


Message History

Duvessa hits you with a short sword of speed!
* * * LOW HITPOINT WARNING * * *
Your crimson imp blinks!
You release your grip on Duvessa.
Duvessa says, "When magic and the sword combine, nothing stands against them."
Duvessa hits you with a short sword of speed.
* * * LOW HITPOINT WARNING * * *
You are confused.
You feel invigorated.
Dowan hits your crimson imp but does no damage.
Duvessa hits you with a short sword of speed.
* * * LOW HITPOINT WARNING * * *
You hit Duvessa but do no damage.
Duvessa is moderately wounded.
Duvessa hits you with a short sword of speed.
* * * LOW HITPOINT WARNING * * *
Your crimson imp blinks!
You're too confused to move!
Duvessa hits you with a short sword of speed!
You die...

#.....##..).....##
#.....##)####.§..#
#....e).# #..#.#
..e.####### ##e..#
... #5§.# #. #...#
# #5#.#
.#####e#.###
#.......@...#
............#
#######.....#
#####..##### # ##
##...........#
....##.............
...................
....#..............
. #..............


You could see Duvessa, Dowan, a friendly iron imp and a friendly crimson imp.

Vanquished Creatures
  Pikel (D:4)
  The ghost of heinrich the Magician, an amateur DsIE (D:4)
  Edmund (D:4)
  A slave (D:3)
  An ogre (D:6)
  2 phantoms (D:5)
  The ghost of stickyfingers the Vexing, an amateur OpEn of Jiyva (D:3)
  A bullfrog (D:6)
  2 crimson imps (D:6)
  An orc wizard (D:6)
  3 bullfrog skeletons
  An orc priest (D:6)
  Natasha (D:4)
  4 worker ants
  4 gnolls (D:5)
  7 adders
  A shadow imp (D:5)
  An adder skeleton (D:4)
  5 worms
  3 dart slugs
  4 leopard geckos
  9 orcs
  A ball python (D:5)
  2 giant cockroaches (D:3)
  5 goblins
  6 hobgoblins
  3 jackals
  2 quokkas
  4 bats
  7 frilled lizards
  10 kobolds
  2 leopard gecko skeletons
  6 rats
  2 fungi (D:2)
105 creatures vanquished.

Vanquished Creatures (collateral kills)
  Purgy (D:4)
  An orc wizard (D:6)
2 creatures vanquished.

Vanquished Creatures (others)
  A gnoll (D:4)
1 creature vanquished.

Grand Total: 108 creatures vanquished

Notes
Turn   | Place    | Note
-------+----------+-------------------------------------------
     0 | D:1      | Lochraine the Octopode Fighter began the quest for the Orb.
     0 | D:1      | Reached XP level 1. HP: 16/16 MP: 1/1
    70 | D:1      | Reached skill level 1 in Stealth
   140 | D:1      | Reached XP level 2. HP: 19/21 MP: 2/2
   654 | D:2      | Reached XP level 3. HP: 24/26 MP: 3/3
   797 | D:2      | Found a burning altar of Makhleb.
   797 | D:2      | Found a radiant altar of Vehumet.
   799 | D:2      | Found a stormy altar of Qazlal.
  1048 | D:3      | Reached XP level 4. HP: 31/31 MP: 4/4
  1103 | D:3      | Noticed stickyfingers's ghost (amateur OpEn)
  1245 | D:2      | Became a worshipper of Vehumet
  1695 | D:4      | Noticed heinrich's ghost (amateur DsIE)
  1699 | D:4      | Noticed Natasha
  1824 | D:4      | Found a blossoming altar of Fedhas.
  1842 | D:4      | Reached skill level 4 in Shields
  1842 | D:4      | Reached skill level 1 in Spellcasting
  1907 | D:4      | Noticed Edmund
  1913 | D:4      | Reached XP level 5. HP: 23/36 MP: 5/7
  2326 | D:3      | Killed stickyfingers's ghost
  2326 | D:3      | Reached XP level 6. HP: 39/42 MP: 9/9
  2432 | D:4      | Found a shimmering altar of Xom.
  2453 | D:4      | Killed Natasha
  2482 | D:4      | Reached skill level 5 in Shields
  2522 | D:4      | Killed heinrich's ghost
  2522 | D:4      | Reached XP level 7. HP: 33/46 MP: 10/12
  2739 | D:4      | Noticed Pikel
  3059 | D:4      | Killed Pikel
  3059 | D:4      | Reached skill level 6 in Shields
  3059 | D:4      | Reached skill level 5 in Spellcasting
  3059 | D:4      | Reached XP level 8. HP: 43/52 MP: 12/15
  3144 | D:4      | Killed Edmund
  3144 | D:4      | Reached * piety under Vehumet
  3144 | D:4      | Offered knowledge of Magic Dart by Vehumet.
  3144 | D:4      | Reached skill level 7 in Shields
  3155 | D:4      | Learned a level 1 spell: Magic Dart
  3239 | D:4      | Noticed Natasha
  3267 | D:4      | HP: 2/52 [something (10)]
  3296 | D:5      | Entered Level 5 of the Dungeon
  3824 | D:5      | Learned a level 2 spell: Call Imp
  3980 | D:5      | Reached skill level 1 in Conjurations
  3990 | D:5      | Reached skill level 1 in Summonings
  4683 | D:4      | Noticed Purgy
  5077 | D:5      | Found a snail-covered altar of Cheibriados.
  5478 | D:4      | Killed Purgy
  5759 | D:6      | Found a shimmering altar of Xom.
  5782 | D:6      | Found Ynkosh's Antique Weapon Boutique.
  5963 | D:6      | Reached XP level 9. HP: 44/58 MP: 11/17
  6005 | D:6      | Noticed Dowan
  6006 | D:6      | Noticed Duvessa
  6030 | D:6      | Slain by Duvessa

Vault maps used:
D:1:      minmay_arrival_five_plusses, minmay_misc_feat_chi,
          minmay_misc_feat_rows, minmay_bisected
D:2:      nicolae_overflow_hidden_temple, first_bread, minmay_gold_behind_fungi
D:4:      overflow_temple_1_default, kennysheep_mini_moat, minmay_surrounded,
          uniq_edmund, uniq_purgy, uniq_pikel, uniq_natasha
D:5:      minmay_holes, cheibriados_altar_1
D:6:      lightli_sewer_entry_pipes, serial_shops, nicolae_shop_stone,
          xom_teletrap_fun, uniq_duvessa

Skill      XL: |  1  2  3  4  5  6  7  8 |
---------------+-------------------------+-----
Stealth        | 1 2 |  2.4
Shields        | 4 5 6 7 |  7.2
Spellcasting   | 1 2 3 5 |  5.3
Conjurations   | 4 |  4.4
Summonings     | 2 |  2.8
Fighting       | |  3.8
Polearms       | |  2.5
Dodging        | |  3.3

Action                   |  1- 3 |  4- 6 |  7- 9 || total
-------------------------+-------+-------+-------++-------
Melee: Trident           |    88 |    74 |   181 ||   343
       Tentacles         |    12 |    16 |    31 ||    59
       Constrict         |    14 |    18 |    24 ||    56
       Halberd           |       |       |    12 ||    12
       Flail             |       |       |     9 ||     9
Throw: Javelin           |       |       |     2 ||     2
 Cast: Magic Dart        |       |       |    15 ||    15
       Call Imp          |       |       |    13 ||    13
  Use: Scroll            |       |     7 |     4 ||    11
       Potion            |       |     4 |    13 ||    17
 Stab: Sleeping          |    15 |     3 |       ||    18
       Distracted        |       |       |     3 ||     3
  Eat: Chunk             |     1 |     4 |     7 ||    12
       Meat ration       |       |       |     1 ||     1
Armor: Skin              |     2 |     3 |    29 ||    34
Dodge: Dodged            |    15 |    17 |    85 ||   117
Block: Shield            |    22 |    24 |    30 ||    76
